 Dungeon Crawl Stone Soup version 0.18.1-8-gdd0e5ea (webtiles) character file.

98 M4edhros the Conjurer (level 4, 0/24 HPs)
             Began as a Gargoyle Conjurer on June 1, 2016.
             Slain by a gnoll
             ... wielding a +0 short sword
              (5 damage)
             ... on level 4 of the Dungeon.
             The game lasted 00:03:03 (1341 turns).

M4edhros the Conjurer (Gargoyle Conjurer)           Turns: 1341, Time: 00:03:04

Health: 0/24       AC:  5    Str: 12    XL:     4   Next: 71%
Magic:  7/7        EV: 17    Int: 16    God:
Gold:   112        SH:  0    Dex: 15    Spells: 1 memorised, 6 levels left

rFire  . . .     SeeInvis .     k - +0 broad axe
rCold  . . .     Gourm    .     a - +0 robe
rNeg   + . .     Faith    .     (no shield)
rPois  ∞         Spirit   .     (no helmet)
rElec  +         Dismiss  .     (no cloak)
rCorr  .         Reflect  .     (no gloves)
SustAt .         Harm     .     (no boots)
MR     .....                    (no amulet)
Stlth  +++.......               (no ring)
                                (no ring)

@: agile, not resistant to hostile enchantments, fairly stealthy
A: hooves 1, blurry vision 1, deterioration 1, negative energy resistance 1,
electricity resistance, unbreathing, petrification resistance, rot immunity, AC
+3
a: no special abilities


You were on level 4 of the Dungeon.
You were hungry.

You visited 1 branch of the dungeon, and saw 4 of its levels.

You collected 112 gold pieces.

Inventory:

Hand Weapons
 k - a +0 broad axe (weapon)
Armour
 a - a +0 robe (worn)
Scrolls
 d - 2 scrolls of identify {unknown}
 e - a scroll of immolation {unknown}
Books
 b - a book of Conjurations

   Spells                             Type                      Level
   a - Magic Dart                     Conjuration                  1
   b - Searing Ray                    Conjuration                  2
   c - Dazzling Spray                 Conjuration/Hexes            3
   d - Fulminant Prism                Conjuration/Hexes            4
   e - Iskenderun's Mystic Blast      Conjuration                  4
   f - Iskenderun's Battlesphere      Conjuration/Charms           5
Comestibles
 c - 3 bread rations
 f - 2 meat rations
 g - a royal jelly
 h - 2 slices of pizza
 j - a beef jerky


   Skills:
 - Level 1.5 Dodging
 - Level 2.1 Stealth
 - Level 2.0 Spellcasting
 + Level 6.5 Conjurations


You had 6 spell levels left.
You knew the following spells:

 Your Spells              Type           Power        Failure   Level  Hunger
a - Magic Dart            Conj           ###.         1%          1    #......


Dungeon Overview and Level Annotations

Branches:
Dungeon (4/15)
 Temple: D:4-7

Altars:
The Shining One


Innate Abilities, Weirdness & Mutations

You are resistant to torment.
Your stone body is resilient (AC +3).
You are immune to poison.
You resist negative energy.
You are resistant to electric shocks.
You can survive without breathing.
You are immune to petrification.
You are immune to rotting.
You have large cloven feet.
Scrolls take you a little longer to read.
Your body sometimes deteriorates upon taking damage.


Message History

The gnoll misses you. The gnoll closely misses you.
You slash the gnoll!
You kill the gnoll!
The gnoll closely misses you.
The gnoll hits you from afar with an enchanted spear.
The gnoll closely misses you.
You slash the gnoll! You kick the gnoll, but do no damage.
The gnoll is heavily wounded.
The gnoll hits you with a short sword.
* * * LOW HITPOINT WARNING * * *
The crimson imp blinks!
The gnoll barely misses you. x2; The gnoll misses you.
The crimson imp blinks!
The gnoll hits you but does no damage.
An orc comes into view. It is wielding a whip.
You closely miss the crimson imp.
The orc shouts!
You kick the crimson imp, but do no damage.
You hit the gnoll but do no damage.
The gnoll is heavily wounded.
The gnoll barely misses you. The gnoll hits you with a short sword.
You die...

#.............#
...###..o.##.#.#
#.#.###.#.# #!#.#
#.#.# #§#.# #.#.#
.#.#.###.#.####<#
#.#g§g...........#
#.##g####...######
#.##@# #..## #. #.##5#
#..# #.####.##.#
#..#######
##.....##.##
#.........
#......#...###...#####
#.#####..###.#.....##
.........# #........#
.######.<###.#......#
#...........#.#


You could see 3 gnolls, a crimson imp and an orc.

Vanquished Creatures
  A howler monkey (D:3)
  A gnoll (D:4)
  2 adders (D:2)
  3 dart slugs
  A giant gecko (D:3)
  4 goblins
  5 hobgoblins
  3 kobolds
  3 bats
  3 giant newts
  2 rats
28 creatures vanquished.

Notes
Turn   | Place    | Note
--------------------------------------------------------------
     0 | D:1      | M4edhros the Gargoyle Conjurer began the quest for the Orb.
     0 | D:1      | Reached XP level 1. HP: 10/10 MP: 3/3
    53 | D:1      | Found a glowing golden altar of the Shining One.
   356 | D:1      | Reached XP level 2. HP: 13/15 MP: 0/5
   549 | D:1      | Reached skill level 5 in Conjurations
   890 | D:2      | Found a faded altar to an unknown god.
   937 | D:2      | Reached XP level 3. HP: 17/19 MP: 2/6
   944 | D:2      | Gained mutation: Scrolls take you a little longer to read. [potion of mutation]
   944 | D:2      | Gained mutation: Your body sometimes deteriorates upon taking damage. [potion of mutation]
   944 | D:2      | Gained mutation: You have large cloven feet. [potion of mutation]
  1244 | D:3      | Reached skill level 6 in Conjurations
  1244 | D:3      | Reached XP level 4. HP: 15/24 MP: 1/7
  1341 | D:4      | Slain by a gnoll

Skill      XL: |  1  2  3 |
---------------+----------+-----
Conjurations   | 5 6 |  6.5
Dodging        | |  1.5
Stealth        | |  2.1
Spellcasting   | |  2.0

Action                   |  1- 3 |  4- 6 || total
-------------------------+-------+-------++-------
Melee: Unarmed           |    59 |       ||    59
       Kick              |     5 |     3 ||     8
       Broad axe         |       |    26 ||    26
 Cast: Magic Dart        |    63 |       ||    63
  Use: Potion            |     1 |     1 ||     2
  Eat: Chunk             |     2 |       ||     2
Armor: Robe              |    17 |    10 ||    27
Dodge: Dodged            |    54 |    31 ||    85
